 Dungeon Crawl Stone Soup version 0.29-a0-892-g2c4c91d9db (webtiles) character file.

Game seed: 12927313633561700630

83 purpskrrrp the Gusty (level 4, 0/24 HPs)
             Began as a Tengu Air Elementalist on July 23, 2022.
             Slain by a gnoll
             ... wielding a +0 whip
              (4 damage)
             ... on level 2 of the Dungeon.
             The game lasted 00:10:10 (2117 turns).

purpskrrrp the Gusty (Tengu Air Elementalist)       Turns: 2117, Time: 00:10:11

Health: 0/24       AC:  6    Str:  8    XL:     4   Next: 44%
Magic:  1/8        EV: 12    Int: 18    God:
Gold:   68         SH:  0    Dex: 14    Spells: 4/7 levels left

rFire   . . .      SeeInvis +   b - +2 dagger (speed)
rCold   . . .      Faith    .   (no shield)
rNeg    . . .      Spirit   .   m - +2 robe {Will+}
rPois   .          Reflect  .   (helmet restricted)
rElec   .          Harm     .   (no cloak)
rCorr   .          Rampage  .   (no gloves)
Will    +....                   (boots unavailable)
Stlth   ++........              (no amulet)
HPRegen 0.00/turn               (no ring)
MPRegen 0.11/turn               (no ring)

@: inhibited regen
A: beak, talons 3, iridescent scales 1, see invisible, inhibited regeneration
a: no special abilities


You were on level 2 of the Dungeon.
You visited 1 branch of the dungeon, and saw 2 of its levels.

You collected 68 gold pieces.

Inventory:

Hand Weapons
 b - a +2 dagger of speed (weapon)
Missiles
 h - 3 poisoned darts
Armour
 a - a +0 robe
 m - a +2 robe of willpower (worn)
Scrolls
 d - 3 scrolls of identify
 l - a scroll of enchant armour {unknown}
 n - a scroll of torment {unknown}
 o - a scroll of noise {unknown}
Potions
 c - a potion of mutation
 e - a potion of degeneration {unknown}
 f - a potion of ambrosia {unknown}
 g - a potion of curing {unknown}
 i - a potion of lignification {unknown}
 j - a potion of berserk rage {unknown}


   Skills:
 - Level 2.1 Dodging
 + Level 2.0 Stealth
 - Level 2.0 Spellcasting
 + Level 1.7 Conjurations
 * Level 6.6 Air Magic


You had 4 spell levels left.
You knew the following spells:

 Your Spells              Type           Power      Damage    Failure   Level
a - Shock                 Conj/Air       64%        1d7       3%          1
b - Static Discharge      Conj/Air       16%        3-5/arc   4%          2

Your spell library contained the following spells:

 Spells                   Type           Power      Damage    Failure   Level
 Swiftness                Air            25%        N/A       3%          3
 Airstrike                Air            12%        0-5+      12%         4


Dungeon Overview and Level Annotations

Branches:
Dungeon (2/15)

Altars:


Innate Abilities, Weirdness & Mutations

You have a beak for a mouth.
You have claws for feet.
You are partially covered in iridescent scales. (AC +2)
You have supernaturally acute eyesight. (SInv)
You do not regenerate when monsters are visible.


Message History

An endoplasm and a gnoll come into view.
Found an escape hatch in the ceiling.
The gnoll shouts!
You hear a shout! x2
A gnoll comes into view. It is wielding a +0 whip. x2
Aiming: Shock (safe; 3% risk of failure)
Press: ? - help, Q - select action, (/) - cycle Shift-Dir - straight line, f - gnoll
Aim: a gnoll, wielding a +0 halberd (75% to hit)
The zap hits the gnoll.
The gnoll is moderately wounded.
Unknown command.
The endoplasm quivers.
The gnoll closely misses you. The gnoll misses you.
Casting: Shock (safe; 3% risk of failure)
Confirm with . or Enter, or press ? or * to list all spells.
The gnoll is struck by an arc of lightning.
The gnoll is heavily wounded.
The gnoll is struck by an arc of lightning!
The gnoll is almost dead.
You are struck by an arc of lightning.
The lightning grounds out.
The gnoll hits you with a +0 halberd.
Casting: Static Discharge (safe; 4% risk of failure)
Confirm with . or Enter, or press ? or * to list all spells.
The gnoll is struck by an arc of lightning.
The gnoll is severely wounded.
You are struck by an arc of lightning.
The lightning grounds out.
The gnoll misses you. The gnoll hits you with a +0 whip.
Casting: Static Discharge (safe; 4% risk of failure)
Confirm with . or Enter, or press ? or * to list all spells.
The gnoll is struck by an arc of lightning.
You kill the gnoll!
The endoplasm is struck by an arc of lightning.
The endoplasm is severely wounded.
The lightning grounds out.
The gnoll hits you with a +0 whip!
* * * LOW HITPOINT WARNING * * *
The gnoll closely misses you.
The air fills with toxic fumes!
As you read the scroll of poison, it crumbles to dust.
The gnoll hits you with a +0 whip.
You die...

........#
#........>..#
#######.#
#§§§§§§§§...#
#.####§§§§§§§....#
#....#§§§§§§§....#
####.#.§§§§§.....#
#.#..§§§§.....#
#.....§§#
#######g#
§§§§§§g@#
§§§§§§§J#
§§§§§§§§#
§§§§§§§§#
§§§§§§§§#
§§§§§§§§#
§§§§§§§§#
§§§§§§§§#


You could see 2 gnolls and an endoplasm.

Vanquished Creatures
  Natasha (D:2)
  A gnoll (D:2)
  An adder (D:2)
  A dart slug (D:1)
  A ball python (D:2)
  3 bats
  6 endoplasms
  3 giant cockroaches
  4 goblins (D:1)
  4 hobgoblins (D:2)
  6 kobolds
  A quokka (D:1)
  A frilled lizard (D:1)
  A rat (D:1)
34 creatures vanquished.

Notes
Turn   | Place    | Note
-------+----------+-------------------------------------------
     0 | D:1      | purpskrrrp the Tengu Air Elementalist began the quest for
                  | the Orb.
     0 | D:1      | Reached XP level 1. HP: 10/10 MP: 4/4
   217 | D:1      | Reached XP level 2. HP: 15/15 MP: 4/6
   623 | D:1      | Reached skill level 5 in Air Magic
   892 | D:1      | Found a faded altar of an unknown god.
  1416 | D:1      | Gained mutation: You are partially covered in iridescent
                  | scales. (AC +2) [potion of mutation]
  1416 | D:1      | Gained mutation: You do not regenerate when monsters are
                  | visible. [potion of mutation]
  1416 | D:1      | Gained mutation: You have supernaturally acute eyesight.
                  | (SInv) [potion of mutation]
  1548 | D:2      | Reached XP level 3. HP: 19/19 MP: 4/7
  1551 | D:2      | Learned a level 2 spell: Static Discharge
  1836 | D:2      | Reached skill level 6 in Air Magic
  2045 | D:2      | Noticed Natasha
  2049 | D:2      | Killed Natasha
  2050 | D:2      | Reached XP level 4. HP: 24/24 MP: 3/8
  2117 | D:2      | Slain by a gnoll

Illustrated notes

Levels and vault maps discovered:
D:1:      tarquinn_simple_flora_water_f, layout_basic,
          shapermc_ecumenical_altar_totnotflames
D:2:      layout_basic, uniq_natasha

Skill      XL: |  1  2  3 |
---------------+----------+-----
Air Magic      | 5 6 |  6.6
Dodging        | |  2.1
Stealth        | |  2.0
Spellcasting   | |  2.0
Conjurations   | |  1.7

Action                   |  1- 3 |  4- 6 || total
-------------------------+-------+-------++-------
 Cast: Shock             |    78 |     1 ||    79
       Static Discharge  |     4 |     3 ||     7
  Use: Scroll            |     5 |     1 ||     6
       Potion            |     2 |       ||     2
Armor: Robe              |     8 |       ||     8
Dodge: Dodged            |    20 |     4 ||    24

Table legend: (Time is in decaauts)
 A = Elapsed time spent in this place.
 B = Non-inter-level travel time spent in this place.
 C = Inter-level travel time spent in this place.
 D = Time resting spent in this place.
 E = Time spent auto-exploring this place.
 F = Levels seen in this place.
 G = Mean time per level.
                   A        B        C        D        E       F      G
               +--------+--------+--------+--------+--------+-----+--------+
         Total |   2123 |   2123 |      0 |    596 |   1246 |   2 | 1061.5 |
       Dungeon |   2123 |   2123 |      0 |    596 |   1246 |   2 | 1061.5 |
               +--------+--------+--------+--------+--------+-----+--------+

Top non-repeatable levels by time:
     D:1: 1573 daAuts
     D:2: 550 daAuts
